 Dungeon Crawl Stone Soup version 0.28-a0-851-g8b9cc49659 (webtiles) character file.

Game seed: 17071362934111292970

2582 ders the Conjurer (level 9, -3/45 HPs)
             Began as a Gargoyle Earth Elementalist on Nov 14, 2021.
             Was an Initiate of Vehumet.
             Slain by a wight (7 damage)
             ... on level 6 of the Dungeon.
             The game lasted 00:11:23 (8213 turns).

ders the Conjurer (Gargoyle Earth Elementalist)     Turns: 8213, Time: 00:11:23

Health: -3/45      AC: 10    Str: 12    XL:     9   Next: 58%
Magic:  11/17      EV: 11    Int: 25    God:    Vehumet [......]
Gold:   236        SH:  0    Dex: 10    Spells: 14/18 levels left

rFire   . . .      SeeInvis +   g - +0 flail
rCold   . . .      Faith    .   (no shield)
rNeg    + . .      Spirit   .   a - +2 robe {Will+}
rPois   ∞          Reflect  .   (no helmet)
rElec   +          Harm     .   (no cloak)
rCorr   .          Rampage  .   (no gloves)
Will    +....                   (no boots)
Stlth   ++........              (no amulet)
HPRegen 0.15/turn               q - ring of see invisible
MPRegen 0.15/turn               s - +6 ring of intelligence

@: studying Polearms
A: sickness immunity, AC +6, negative energy resistance 1, electricity
resistance, torment resistance 1, petrification resistance
a: Renounce Religion


You were on level 6 of the Dungeon.
You worshipped Vehumet.
Vehumet was noncommittal.
You visited 2 branches of the dungeon, and saw 8 of its levels.
You also visited: Sewer.

You collected 306 gold pieces.
You spent 70 gold pieces at shops.

Inventory:

Hand Weapons
 g - a +0 flail (weapon)
Missiles
 c - 10 stones
Armour
 a - a +2 robe of willpower (worn)
 b - a +0 robe
Jewellery
 q - a ring of see invisible (left hand)
 r - a ring of ice
 s - a +6 ring of intelligence (right hand)
Wands
 i - a wand of paralysis (9)
Scrolls
 k - 3 scrolls of teleportation
 o - 2 scrolls of magic mapping
 t - a scroll of acquirement {unknown}
 u - a scroll of amnesia {unknown}
Potions
 d - 2 potions of attraction
 e - a potion of heal wounds {unknown}
 f - 3 potions of mutation
 j - a potion of lignification {unknown}
 l - 2 potions of haste {unknown}
 m - a potion of invisibility {unknown}
 n - a potion of experience {unknown}
 p - 2 potions of might {unknown}


   Skills:
 - Level 1.5 Dodging
 - Level 2.1 Stealth
 + Level 5.4 Spellcasting
 * Level 7.9 Conjurations
 + Level 4.1 Transmutations
 * Level 4.0 Fire Magic
 + Level 7.7 Earth Magic


You had 14 spell levels left.
You knew the following spells:

 Your Spells              Type           Power      Damage    Failure   Level
a - Sandblast             Erth           90%        2d19      1%          1
b - Stone Arrow           Conj/Erth      92%        3d12      1%          3

Your spell library contained the following spells:

 Spells                   Type           Power      Damage    Failure   Level
 Passwall                 Tmut/Erth      30%        N/A       1%          2
 Petrify                  Tmut/Erth      36%        N/A       7%          4
 Slow                     Hex            24%        N/A       8%          1
 Summon Small Mammal      Summ           24%        N/A       8%          1
 Iskenderun's Battlesphe  Conj           46%        2d10      9%          5
 Fireball                 Conj/Fire      18%        3d9       19%         5
 Call Canine Familiar     Summ           6%         N/A       24%         3
 Confusing Touch          Hex            6%         N/A       24%         3
 Summon Guardian Golem    Hex/Summ       6%         N/A       24%         3
 Vampiric Draining        Necr           6%         2d6       24%         3
 Conjure Ball Lightning   Conj/Air       13%        3x3d6     93%         6
 Orb of Destruction       Conj           23%        9d10      95%         7


Dungeon Overview and Level Annotations

Branches:
Dungeon (7/15)             Temple (1/1) D:5           Sewer (visited)

Altars:
Ashenzari
Elyvilon
Fedhas
Gozag
Hepliaklqana
Makhleb
Ru
Sif Muna
Trog
Vehumet
Yredelemnul
Zin
The Shining One
Lugonu

Shops:
D:3 [


Innate Abilities, Weirdness & Mutations

You are immune to sickness and miasma.
Your stone body is resilient. (AC +6)
You are immune to poison.
You resist negative energy. (rN+)
You are resistant to electric shocks. (rElec)
You are resistant to unholy torment.
You are immune to petrification.


Message History

Confirm with . or Enter, or press ? or * to list all spells.
Aiming: Stone Arrow (safe; 1% risk of failure)
Press: ? - help, Shift-Dir - straight line, f/p - wight
Aim: a wight, wielding a +0 dagger and wearing a +0 robe (severely damaged, 76% to hit)
The stone arrow hits the wight!!
You destroy the wight!
Vehumet accepts your kill.
Unknown command.
You start resting.
HP restored.
You start resting.
Magic restored.
You climb downwards.
The wight hits you but does no damage.
The wight hits you with a +0 great sword!
The wight misses you.
There is a stone staircase leading up here.
The wight hits you with a +0 great sword!
The wight barely misses you.
You climb upwards.
There is a stone staircase leading down here.
Casting: Stone Arrow (safe; 1% risk of failure)
Confirm with . or Enter, or press ? or * to list all spells.
Aiming: Stone Arrow (safe; 1% risk of failure)
Press: ? - help, Shift-Dir - straight line, f - wight
Aim: a wight, wielding a +0 dire flail and wearing a +0 robe (76% to hit)
The stone arrow hits the wight!
The wight is almost destroyed.
The wight hits you with a +0 great sword!
* * * LOW HITPOINT WARNING * * *
The wight hits you with a +0 dire flail.
* * * LOW HITPOINT WARNING * * *
Unknown command.
Casting: Stone Arrow (safe; 1% risk of failure)
Confirm with . or Enter, or press ? or * to list all spells.
Aiming: Stone Arrow (safe; 1% risk of failure)
Press: ? - help, Shift-Dir - straight line, f/p - wight
Aim: a wight, wielding a +0 dire flail and wearing a +0 robe (almost destroyed, 76% to hit)
The stone arrow misses the wight.
The wight hits you with a +0 great sword!
You die...

#..........#........##......
##.......####.......##..####
#..........#..#.......#..≈≈
####.............#....####.≈..
##.........(.#..#......####.≈.≈
#............######......##.≈≈.
####.....#......####..(..#.##.≈≈.
...#....###....?z#.......#..#.≈≈.
........# #...#†@[.......#..#.≈.≈
........###..##[.z###.......#.≈..
............##............#.#..≈≈
................###.#.....#..####
.................#..#............
..#........##....#.##...........#
.##........###.#.#.##>....#####.#
..##...#..####...#).#.....###...#
..#.......#.##..#.#..<..........#


You could see 2 wights.

Vanquished Creatures
  A cyclops (D:6)
  Maggie (D:6)
  A yak (D:6)
  A black bear (D:5)
  A sky beast (D:6)
  A necrophage (D:6)
  2 ogres
  3 kobold brigands (Sewer)
  A bullfrog (D:6)
  3 scorpions
  A water moccasin skeleton (D:5)
  4 wights
  A howler monkey (D:6)
  A gnoll shaman (D:4)
  2 hounds
  2 orc priests (D:5)
  5 iguanas
  Natasha (thrice) (D:3)
  A killer bee zombie (D:6)
  A hound skeleton (D:5)
  2 howler monkey zombies
  3 gnolls (D:4)
  6 adders
  3 river rats (Sewer)
  An ufetubus (D:6)
  4 worms
  2 dart slugs
  8 orcs
  8 ball pythons
  5 bats
  7 endoplasms
  6 giant cockroaches
  9 hobgoblins
  8 jackals
  5 kobolds
  4 quokkas
  2 frilled lizards
  5 goblins
  11 rats
135 creatures vanquished.

Notes
Turn   | Place    | Note
-------+----------+-------------------------------------------
     0 | D:1      | ders the Gargoyle Earth Elementalist began the quest for
                  | the Orb.
     0 | D:1      | Reached XP level 1. HP: 10/10 MP: 3/3
   131 | D:1      | Reached XP level 2. HP: 8/15 MP: 0/5
   263 | D:1      | Found a faded altar of an unknown god.
   514 | D:1      | Reached XP level 3. HP: 12/19 MP: 1/6
   855 | D:1      | Learned a level 3 spell: Stone Arrow
  1574 | D:2      | Reached skill level 1 in Conjurations
  1718 | D:2      | Reached skill level 1 in Transmutations
  1718 | D:2      | Reached XP level 4. HP: 23/24 MP: 4/8
  2046 | D:3      | Found Zaiggoiq's Antique Armour Emporium.
  2049 | D:3      | Bought an embroidered robe for 70 gold pieces
  2136 | D:3      | Found a glowing drain.
  2217 | Sewer    | Entered a sewer
  2304 | Sewer    | Noticed a kobold brigand
  2305 | Sewer    | Noticed a kobold brigand
  2309 | Sewer    | Killed a kobold brigand
  2310 | Sewer    | Reached skill level 5 in Earth Magic
  2310 | Sewer    | Reached XP level 5. HP: 28/28 MP: 2/9
  2318 | Sewer    | Killed a kobold brigand
  2319 | Sewer    | Reached XP level 6. HP: 32/32 MP: 0/10
  3394 | D:3      | Found a bloodstained altar of Trog.
  3559 | D:3      | Noticed Natasha
  3564 | D:3      | Killed Natasha
  3592 | D:3      | Noticed Natasha
  3597 | D:3      | Killed Natasha
  3728 | D:3      | Reached XP level 7. HP: 36/36 MP: 10/12
  3835 | D:3      | Noticed Natasha
  3840 | D:3      | Killed Natasha
  4450 | D:4      | Found a broken altar of Ashenzari.
  5127 | D:5      | Entered Level 5 of the Dungeon
  5243 | D:5      | Reached skill level 5 in Conjurations
  5466 | D:5      | Reached XP level 8. HP: 41/41 MP: 1/14
  6437 | D:5      | Found a staircase to the Ecumenical Temple.
  6528 | Temple   | Entered the Ecumenical Temple
  6566 | Temple   | Became a worshipper of Vehumet
  6790 | D:6      | Reached skill level 1 in Fire Magic
  6894 | D:6      | Found an opulent altar of Gozag.
  6941 | D:6      | Found a burning altar of Makhleb.
  7327 | D:6      | Found a glowing golden altar of the Shining One.
  7448 | D:6      | Found a shimmering blue altar of Sif Muna.
  7448 | D:6      | Noticed Maggie
  7456 | D:6      | Killed Maggie
  7457 | D:6      | Reached skill level 5 in Spellcasting
  7457 | D:6      | Reached XP level 9. HP: 36/45 MP: 0/16
  7663 | D:6      | Noticed a cyclops
  7667 | D:6      | Killed a cyclops
  8213 | D:6      | Slain by a wight

Illustrated notes

Levels and vault maps discovered:
D:1:      lightli_arrival_maybe_door_vault, layout_basic,
          chequers_ecumenical_altar_simple
D:2:      layout_basic
D:3:      layout_basic, trog_three_pillars_becter, portal_sewer_entry_f,
          serial_shops, nicolae_shop_behind_doors, minivault_19, uniq_natasha
D:4:      layout_cave_pods, evilmike_ruin_ashenzari, kennysheep_small_circle
D:5:      layout_basic, temple_pool_b
D:6:      layout_cave_pools, nicolae_tso_swordbearing_angel,
          nicolae_gozag_cash_rules_everything_around_me,
          mainiacjoe_overflow_cross_hatched, mainiacjoe_overflow_paths,
          minmay_manual_macuahuitl, uniq_maggie
D:7:      layout_basic, nemelex_altar_shiori, serial_shops, shop,
          item_on_display_a
Temple:   corrupted_temple

Skill      XL: |  1  2  3  4  5  6  7  8  9 |
---------------+----------------------------+-----
Earth Magic    | 4 5 6 7 |  7.7
Conjurations   | 1 2 3 4 5 7 |  7.9
Transmutations | 1 2 3 4 |  4.1
Spellcasting   | 3 4 5 |  5.4
Fire Magic     | 2 4 |  4.0
Dodging        | |  1.5
Stealth        | |  2.1

Action                   |  1- 3 |  4- 6 |  7- 9 || total
-------------------------+-------+-------+-------++-------
Melee: Unarmed           |     1 |       |       ||     1
       Flail             |       |     1 |    11 ||    12
 Cast: Sandblast         |    60 |    62 |    26 ||   148
       Stone Arrow       |       |    10 |    80 ||    90
  Use: Scroll            |       |     7 |     1 ||     8
       Potion            |       |       |     4 ||     4
Armor: Robe              |    12 |    22 |    15 ||    49
Dodge: Dodged            |    12 |    23 |    25 ||    60

Table legend: (Time is in decaauts)
 A = Elapsed time spent in this place.
 B = Non-inter-level travel time spent in this place.
 C = Inter-level travel time spent in this place.
 D = Time resting spent in this place.
 E = Time spent auto-exploring this place.
 F = Levels seen in this place.
 G = Mean time per level.
                   A        B        C        D        E       F      G
               +--------+--------+--------+--------+--------+-----+--------+
         Total |   8310 |   7991 |    319 |   3626 |   3398 |   9 |  923.3 |
       Dungeon |   7399 |   7104 |    295 |   3160 |   3162 |   7 | 1057.0 |
        Temple |     55 |     31 |     24 |      0 |     20 |   1 |   55.0 |
         Sewer |    855 |    855 |      0 |    466 |    215 |   1 |  855.0 |
               +--------+--------+--------+--------+--------+-----+--------+

Top non-repeatable levels by time:
     D:6: 1574 daAuts
     D:4: 1358 daAuts
     D:5: 1245 daAuts
     D:1: 1239 daAuts
     D:3: 1178 daAuts
   Sewer: 855 daAuts
     D:2: 761 daAuts
  Temple: 55 daAuts
     D:7: 41 daAuts
